 Dungeon Crawl Stone Soup version 0.21.0-24-g2553a33 (webtiles) character file.

4 tidbits the Sneak (level 1, -4/13 HPs)
             Began as a Gnoll Enchanter on Jan 20, 2018.
             Slain by a leopard gecko (5 damage)
             ... on level 1 of the Dungeon.
             The game lasted 00:00:55 (107 turns).

tidbits the Sneak (Gnoll Enchanter)                  Turns: 107, Time: 00:00:56

Health: -4/13      AC:  4    Str: 10    XL:     1   Next: 60%
Magic:  5/6        EV: 14    Int: 17    God:
Gold:   10         SH:  0    Dex: 15    Spells: 8/9 levels left

rFire    + . .     SeeInvis .   a - +1 dagger
rCold    x . .     Gourm    .   (no shield)
rNeg     . . .     Faith    .   B - +1 robe
rPois    .         Spirit   .   (no helmet)
rElec    .         Reflect  .   (no cloak)
rCorr    .         Harm     .   G - +0 pair of gloves
MR       .....                  (no boots)
Stlth    +++.......             (no amulet)
HPRegen  0.04/turn              e - ring of fire
MPRegen  0.10/turn              (no ring)

@: no status effects
A: distributed training, fangs 1, strong nose
a: no special abilities


You were on level 1 of the Dungeon.
You were not hungry.

You visited 1 branch of the dungeon, and saw 1 of its levels.

You collected 10 gold pieces.

Inventory:

Hand Weapons
 a - a +1 dagger (weapon)
Armour
 B - a +1 robe (worn)
 G - a +0 pair of gloves (worn)
Jewellery
 e - a ring of fire (left hand)
   (You found it on level 1 of the Dungeon)
Books
 c - a book of Maledictions

   Spells                             Type                      Level
   a - Corona                         Hexes                        1
   b - Ensorcelled Hibernation        Hexes/Ice                    2
   c - Confuse                        Hexes                        3
   d - Tukima's Dance                 Hexes                        3
   e - Dazzling Spray                 Conjuration/Hexes            3
Comestibles
 d - 3 rations


   Skills:
 + Level 0.0 Fighting
 + Level 2.3 Short Blades
 + Level 0.0 Long Blades
 + Level 0.0 Axes
 + Level 0.0 Maces & Flails
 + Level 0.0 Polearms
 + Level 0.0 Staves
 + Level 0.0 Slings
 + Level 0.0 Bows
 + Level 0.0 Crossbows
 + Level 0.0 Throwing
 + Level 0.0 Armour
 + Level 4.4 Dodging
 + Level 5.8 Stealth
 + Level 0.0 Shields
 + Level 0.0 Unarmed Combat
 + Level 4.8 Spellcasting
 + Level 0.0 Conjurations
 + Level 5.3 Hexes
 + Level 0.0 Charms
 + Level 0.0 Summonings
 + Level 0.0 Necromancy
 + Level 0.0 Translocations
 + Level 0.0 Transmutations
 + Level 0.0 Fire Magic
 + Level 0.0 Ice Magic
 + Level 0.0 Air Magic
 + Level 0.0 Earth Magic
 + Level 0.0 Poison Magic
 + Level 0.1 Invocations
 + Level 0.0 Evocations


You had 8 spell levels left.
You knew the following spells:

 Your Spells              Type           Power        Failure   Level  Hunger
o - Corona                Hex            ###....      1%          1    None


Dungeon Overview and Level Annotations

Branches:
Dungeon (1/15)

Altars:


Innate Abilities, Weirdness & Mutations

Your experience applies equally to all skills.
You have very sharp teeth.
Your uncanny sense of smell can sniff out nearby items.


Message History

You hit the hobgoblin but do no damage. The hobgoblin completely misses you.
You hit the hobgoblin but do no damage.
The hobgoblin stops glowing.
The hobgoblin misses you.
You hit the hobgoblin.
The hobgoblin is moderately wounded.
The hobgoblin hits you.
* * * LOW HITPOINT WARNING * * *
Casting: Corona
Confirm with . or Enter, or press ? or * to list all spells.
Aiming: Corona
Press: ? - help, Shift-Dir - straight line, f/p - hobgoblin
Aim: a hobgoblin (moderately wounded, chance to defeat MR: 77%)
The hobgoblin is outlined in light.
The hobgoblin closely misses you.
You barely miss the hobgoblin.
The hobgoblin is moderately wounded.
The hobgoblin closely misses you.
You barely miss the hobgoblin.
The hobgoblin is moderately wounded.
The hobgoblin closely misses you.
You barely miss the hobgoblin.
The hobgoblin is moderately wounded.
The hobgoblin hits you.
* * * LOW HITPOINT WARNING * * *
You hit the hobgoblin.
You kill the hobgoblin!
You now have 10 gold pieces.
Found a pair of gloves.
You see here a pair of gloves.
b - a pair of gloves Wear which item? (? for menu, Esc to quit)
You start putting on your armour.
You continue putting on your pair of gloves. x4
You finish putting on your +0 pair of gloves.
Adjust (i)tems, (s)pells, or (a)bilities?
Adjust which item? (? for menu, Esc to quit)
b - a +0 pair of gloves (worn)
Adjust to which letter? (? for menu, Esc to quit)
G - a +0 pair of gloves (worn)
A hobgoblin comes into view.
The helpless hobgoblin fails to defend itself.
You impale the hobgoblin!!
You kill the hobgoblin!
You see here a hobgoblin corpse.
Found a stone staircase leading down.
A leopard gecko comes into view.
Found a scroll labeled HOOTY BEPE.
The leopard gecko hisses angrily.
You see here a scroll labeled HOOTY BEPE.
Casting: Corona
Confirm with . or Enter, or press ? or * to list all spells.
Aiming: Corona
Press: ? - help, Shift-Dir - straight line, f - leopard gecko
Aim: a leopard gecko (chance to defeat MR: 77%)
The leopard gecko is outlined in light.
Unknown command.
You hit the leopard gecko.
The leopard gecko is lightly wounded.
The leopard gecko barely misses you.
You completely miss the leopard gecko.
The leopard gecko is lightly wounded.
The leopard gecko hisses menacingly.
The leopard gecko barely misses you.
You barely miss the leopard gecko.
The leopard gecko is lightly wounded.
The leopard gecko closely misses you.
You hit the leopard gecko but do no damage.
The leopard gecko is lightly wounded.
The leopard gecko barely misses you.
You closely miss the leopard gecko.
The leopard gecko is lightly wounded.
The leopard gecko closely misses you.
You hit the leopard gecko but do no damage.
The leopard gecko is lightly wounded.
The leopard gecko closely misses you.
You hit the leopard gecko but do no damage.
Your bite misses the leopard gecko.
The leopard gecko is lightly wounded.
The leopard gecko bites you but does no damage.
You hit the leopard gecko.
The leopard gecko is moderately wounded.
The leopard gecko stops glowing.
The leopard gecko bites you but does no damage.
The leopard gecko barely misses you.
You hit the leopard gecko but do no damage.
The leopard gecko is moderately wounded.
The leopard gecko misses you.
Casting: Corona
Confirm with . or Enter, or press ? or * to list all spells.
Aiming: Corona
Press: ? - help, Shift-Dir - straight line, f/p - leopard gecko
Aim: a leopard gecko (moderately wounded, chance to defeat MR: 77%)
The leopard gecko is outlined in light.
The leopard gecko bites you.
* * * LOW HITPOINT WARNING * * *
You hit the leopard gecko but do no damage.
The leopard gecko is lightly wounded.
The leopard gecko barely misses you.
You hit the leopard gecko.
The leopard gecko is almost dead.
The leopard gecko bites you.
You die...

.. ##.#### #.....
. ###..#.# ..
......# ...
#######.....#....
.................
.............>#.#
######.#@l......
#......##......#
#.###### #......
#†#.. ...###
#.#.# ..# # #.#.#
#.# # #...# .. ##
###.### .# .#
#...#


You could see a leopard gecko.

Vanquished Creatures
  2 hobgoblins (D:1)
  A bat (D:1)
  A rat (D:1)
4 creatures vanquished.

Notes
Turn   | Place    | Note
-------+----------+-------------------------------------------
     0 | D:1      | tidbits the Gnoll Enchanter began the quest for the Orb.
     0 | D:1      | Reached XP level 1. HP: 13/13 MP: 6/6
   105 | D:1      | HP: 1/13 [leopard gecko (4)]
   107 | D:1      | Slain by a leopard gecko

Action                   || total
-------------------------++-------
Melee: Dagger            ||    24
 Cast: Corona            ||     4
  Use: Scroll            ||     1
 Stab: Sleeping          ||     3
Armor: Robe              ||     2
Dodge: Dodged            ||    14

Table legend:
 A = Turns spent in this place as a percentage of turns spent in the entire game.
 B = Non-inter-level travel turns spent in this place as a percentage of non-inter-level travel turns spent in the entire game.
 C = Inter-level travel turns spent in this place as a percentage of turns spent in this place.
 D = Turns resting spent in this place as a percentage of non-inter-level travel turns spent in this place.
 E = Turns spent auto-exploring this place as a percentage of non-inter-level travel turns spent in this place.
 F = Non-inter-level travel turns spent in this place divided by the number of levels of this place that you've seen.
                   A       B       C       D       E      F
               +-------+-------+-------+-------+-------+----------------------
         Total | 100.0 | 100.0 |   0.0 |   0.0 |   0.0 | 107.0
       Dungeon | 100.0 | 100.0 |   0.0 |   0.0 |   0.0 | 107.0
               +-------+-------+-------+-------+-------+----------------------

Table legend:
 A = Kills in this place as a percentage of kills in entire the game.
 B = Kills by you in this place as a percentage of kills by you in the entire game.
 C = Kills by friends in this place as a percentage of kills by friends in the entire game.
 D = Other kills in this place as a percentage of other kills in the entire game.
 E = Experience gained in this place as a percentage of experience gained in the entire game.
 F = Experience gained in this place divided by the number of levels of this place that you have seen.
                   A       B       C       D       E      F
               +-------+-------+-------+-------+-------+----------------------
         Total | 100.0 | 100.0 |   N/A |   N/A | 100.0 |   6.0
       Dungeon | 100.0 | 100.0 |   N/A |   N/A | 100.0 |   6.0
               +-------+-------+-------+-------+-------+----------------------

Vault maps used:
D:1:      minmay_arrival_radiant_lines
